 Dungeon Crawl Stone Soup version 0.31-a0-102-g33a4ccc0cb (webtiles) character file.

Game seed: 4322914603988527376

135692 lessens the Wrestler (level 16, -2/170 HPs)
             Began as a Troll Artificer on May 26, 2023.
             Was the Champion of Okawaru.
             Slain by a culicivora (17 damage)
             ... on level 2 of the Spider Nest on May 27, 2023.
             The game lasted 00:49:34 (26133 turns).

lessens the Wrestler (Troll Artificer)             Turns: 26133, Time: 00:49:34

Health: -2/170     AC: 15    Str: 28    XL:     16   Next: 65%
Magic:  22/22      EV:  9    Int:  7    God:    Okawaru [******]
Gold:   2723       SH:  5    Dex: 12    Spells: 15/15 levels left

rFire   . .          .
                       - Unarmed
rCold   . . .        (no shield)
rNeg    . . .        p - +0 acid dragon scales of Yqexutas {Will+ rCorr Stlth+}
rPois   +            (helmet restricted)
rElec   .            t - +0 cloak
rCorr   +            (gloves unavailable)
SInv    .            (boots unavailable)
Will    ++...        L - amulet of reflection
Stlth   ++           M - ring of poison resistance
HPRegen 1.28/turn    d - +4 ring of protection
MPRegen 0.18/turn

%: reflection
@: studying 2 skills
A: large, unfitting armour, claws 3, regeneration 1, shaggy fur 1, tough skin 1
a: Renounce Religion, Heroism, Finesse, Duel


You were on level 2 of the Spider Nest.
You worshipped Okawaru.
Okawaru was exalted by your worship.
You visited 6 branches of the dungeon, and saw 26 of its levels.
You also visited: Bailey and Volcano.

You collected 3763 gold pieces.
You spent 1040 gold pieces at shops.

Inventory:

Missiles
 f - 210 stones
 n - 2 poisoned darts
 v - 13 curare-tipped darts
 B - 60 large rocks
Armour
 k - a scarf of repulsion
 p - the +0 acid dragon scales of Yqexutas (worn) {Will+ rCorr Stlth+}
   (Okawaru gifted it to you in a volcano)

   rCorr:     It protects you from acid and corrosion.
   Will:      It increases your willpower.
   Stlth:     It makes you more stealthy.
 t - a +0 cloak (worn)
 A - a +0 hat
Jewellery
 d - a +4 ring of protection (right claw)
 o - a ring of flight
 D - a ring of ice
 L - an amulet of reflection (around neck)
 M - a ring of poison resistance (left claw)
 N - a ring of fire
 O - a ring of protection from fire
 V - the ring "Tygolasse" {Will+ Int+3}
   (You acquired it on level 1 of the Lair of Beasts)

   [ring of willpower]

   Int:       It affects your intelligence (+3).
   Will:      It increases your willpower.
Wands
 a - a wand of digging (9)
 c - a wand of flame (80) (quivered)
 e - a wand of iceblast (7)
 r - a wand of quicksilver (3)
 w - a wand of paralysis (36)
 S - a wand of mindburst (2)
 Z - a wand of polymorph (8)
Scrolls
 i - a scroll of torment {unknown}
 j - a scroll of amnesia
 l - 4 scrolls of enchant armour
 q - 2 scrolls of fog {unknown}
 s - 9 scrolls of teleportation
 y - 2 scrolls of magic mapping {unknown}
 C - 3 scrolls of vulnerability {unknown}
 E - 4 scrolls of silence
 G - a scroll of blinking
 I - 3 scrolls of poison {unknown}
 R - a scroll of butterflies {unknown}
 U - 3 scrolls of noise {unknown}
Potions
 b - 3 potions of enlightenment
 g - 10 potions of curing
 h - 6 potions of ambrosia
 m - 2 potions of haste
 x - 3 potions of berserk rage
 z - 2 potions of degeneration {unknown}
 F - 2 potions of attraction
 H - 4 potions of heal wounds
 J - 3 potions of lignification
 K - 4 potions of magic
 P - 3 potions of cancellation
 T - 2 potions of brilliance {unknown}
 W - 3 potions of mutation
 X - 3 potions of might
 Y - a potion of invisibility {unknown}


   Skills:
 + Level 13.2 Fighting
 + Level 8.9 Armour
 - Level 1.9 Dodging
 - Level 0.3 Stealth
 - Level 22.2 Unarmed Combat
 + Level 9.4 Invocations
 - Level 2.1 Evocations


You had 15 spell levels left.
You didn't know any spells.
Your spell library contained the following spells:

 Spells                   Type           Power      Damage    Failure   Level
 Beastly Appendage        Tmut           0%         N/A       47%         1
 Magic Dart               Conj           0%         1d3       47%         1
 Cigotuvi's Dreadful Rot  Necr/Pois/Air  0%         N/A       63%         2
 Ensorcelled Hibernation  Hex/Ice        0%         N/A       63%         2
 Poisonous Vapours        Pois/Air       0%         N/A       63%         2
 Wereblood                Tmut           0%         N/A       63%         2
 Dazzling Flash           Conj/Hex       0%         N/A       85%         3
 Gell's Gravitas          Tloc           0%         N/A       85%         3
 Ignite Poison            Fire/Tmut/Pois 0%         N/A       85%         3
 Mephitic Cloud           Conj/Pois/Air  0%         N/A       85%         3
 Ozocubu's Armour         Ice            0%         N/A       85%         3
 Spider Form              Tmut/Pois      0%         N/A       85%         3
 Teleport Other           Tloc           0%         N/A       85%         3
 Vhi's Electric Charge    Tloc/Air       0%         N/A       85%         3
 Anguish                  Hex/Necr       0%         N/A       99%         4
 Cause Fear               Hex            0%         N/A       99%         4
 Dispel Undead            Necr           0%         3d6       99%         4
 Leda's Liquefaction      Hex/Erth       0%         N/A       99%         4
 Passage of Golubria      Tloc           0%         N/A       99%         4
 Agony                    Necr           0%         N/A       100%        5
 Arcjolt                  Conj/Air       0%         1d10      100%        5
 Blade Hands              Tmut           0%         N/A       100%        5
 Freezing Cloud           Conj/Ice/Air   0%         6-21      100%        5
 Lee's Rapid Deconstruct  Erth           0%         3d4*      100%        5
 Silence                  Hex/Air        0%         N/A       100%        5
 Yara's Violent Unravell  Hex/Tmut       0%         3d3       100%        5
 Dispersal                Tloc           0%         N/A       100%        6
 Eringya's Noxious Bog    Tmut/Pois      0%         N/A       100%        6
 Leda's Unmaking          Conj/Erth      0%         9d1       100%        6
 Statue Form              Tmut/Erth      0%         N/A       100%        6
 Dragon Form              Tmut           0%         N/A       100%        7
 Ozocubu's Refrigeration  Ice            0%         4d7       100%        7
 Maxwell's Capacitive Co  Air            0%         ∞         100%        8
 Call Imp                 Summ           Unusable   N/A       N/A         2
 Summon Guardian Golem    Hex/Summ       Unusable   N/A       N/A         3
 Tukima's Dance           Hex            Unusable   N/A       N/A         3
 Animate Armour           Summ/Erth      Unusable   N/A       N/A         4
 Summon Lightning Spire   Summ/Air       Unusable   N/A       N/A         4
 Summon Forest            Summ/Tloc      Unusable   N/A       N/A         5
 Death Channel            Necr           Unusable   N/A       N/A         6
 Summon Hydra             Summ           Unusable   N/A       N/A         7
 Dragon's Call            Summ           Unusable   N/A       N/A         9

Dungeon Overview and Level Annotations

Branches:
Dungeon (15/15) Zot: 25658  Temple (1/1) D:4 Zot: 5751    Lair (5/5) D:11 Zot: 23743
 Shoals (0/4) Lair:2       Spider (2/4) Lair:3 Zot: 11469   Slime (0/5) Lair:5
    Orc (2/2) D:10 Zot: 10207     Elf (1/3) Orc:2 Zot: 5923  Vaults (0/5) D:13
 Depths (0/4) D:15         Bailey (visited)         Volcano (visited)

Altars:
Ashenzari
Cheibriados
Dithmenos
Elyvilon
Fedhas
Gozag
Hepliaklqana
Kikubaaqudgha
Makhleb
Nemelex Xobeh
Okawaru
Qazlal
Ru
Sif Muna
Trog
Uskayaw
Vehumet
Wu Jian
Xom
Yredelemnul
Zin
The Shining One
Jiyva

Shops:
D:1 (   D:10 (   Orc:1 (   Orc:2 [[(:

Annotations:
D:3 exclusion: 3 doors
Lair:2 1 runed translucent door, Tenda's ghost, journeyman FoFi


Innate Abilities, Weirdness & Mutations

You are too large for most types of armour.
You have claws for hands.
Your natural rate of healing is unusually fast.
You are covered in fur. (AC +1)
You have tough skin. (AC +1)


Message History

The culicivora draws strength from your injuries!
The culicivora bites you!!
The culicivora draws strength from your injuries!
You eviscerate the moth of wrath!!!
You kill the moth of wrath!
Okawaru accepts your kill.
You hear a faint skittering sound.
You hear a shout!
You hear a faint skittering sound.
You hear a skittering sound.
The culicivora bites you!!
The culicivora draws strength from your injuries!
You closely miss the culicivora. The culicivora bites you!!
The culicivora draws strength from your injuries!
The culicivora bites you.
The culicivora draws strength from your injuries!
The culicivora bites you!!
* * * LOW HITPOINT WARNING * * *
The culicivora draws strength from your injuries!
You are too injured to fight recklessly!
You are too injured to fight recklessly!
You eviscerate the culicivora!!!
The culicivora is severely wounded.
You hear a faint skittering sound.
The culicivora bites you.
* * * LOW HITPOINT WARNING * * *
The culicivora draws strength from your injuries!
The culicivora bites you!
* * * LOW HITPOINT WARNING * * *
The culicivora draws strength from your injuries!
You closely miss the culicivora.
The culicivora is heavily wounded.
The culicivora bites you!
* * * LOW HITPOINT WARNING * * *
The culicivora draws strength from your injuries!
The culicivora bites you!
* * * LOW HITPOINT WARNING * * *
The culicivora draws strength from your injuries!
You miss the culicivora. Your claw misses the culicivora.
The culicivora is heavily wounded.
The culicivora bites you!
You die...

##...###
##...##.#.
#....#.... ..##
##.........
.....##..<....#
......^....######
###..#†..#......#
# #.#^.s..###
#..#^.@..#
####.#s#...#
..>#.#....#
#....#^..####
#s...#...
......#....
#.##..#...# ##...


You could see 2 culicivoras and a redback.

Vanquished Creatures
  Jorgrun (Orc:1)
  Rupert (D:12)
  A ghost moth (shapeshifter) (D:14)
  A caustic shrike zombie (D:15)
  2 orc warlords
  A broodmother (Spider:1)
  A demonspawn black sun (D:13)
  Snorg (D:13)
  A fire dragon (D:14)
  An entropy weaver (Spider:1)
  Josephine (D:15)
  6 hydras
  Erolcha (D:12)
  4 catoblepae (Lair:5)
  An ogre mage (D:15)
  7 two-headed ogres
  10 centaur warriors
  3 boulder beetles
  A tengu warrior (D:15)
  8 death yaks (Lair:5)
  A vampire mage (D:15)
  Urug (D:13)
  4 orc high priests
  3 large abominations (D:13)
  Sonja (D:10)
  A spriggan (Lair:2)
  3 sun demons (D:13)
  A hell knight (Volcano)
  A deep elf knight (D:14)
  8 skeletal warriors
  A spark wasp zombie (D:15)
  2 pharaoh ants
  3 orb spiders (Spider:1)
  2 steelbarb worms (Spider:1)
  A wizard (D:14)
  A deep elf archer (D:14)
  A necromancer (D:15)
  4 lindwurms (D:10)
  2 orc knights
  8 deep elf pyromancers
  An oklob plant (Lair:5)
  2 wolf spiders (Spider:1)
  9 ugly things
  2 orc sorcerers
  A faun (shapeshifter) (D:14)
  12 cyclopes
  2 moths of wrath
  2 manticores (Lair:5)
  A stone giant skeleton (D:15)
  4 black mambas
  10 elephants
  A torpor snail (Lair:5)
  8 cane toads
  3 gargoyles
  3 demonic crawlers (Spider:1)
  A molten gargoyle (Volcano)
  2 rime drakes
  A rime drake (shapeshifter) (D:15)
  3 yaktaurs (Volcano)
  2 unseen horrors (D:11)
  2 kobold demonologists (D:13)
  3 komodo dragons
  3 trolls (D:11)
  4 meliai
  A queen bee (shapeshifter) (D:14)
  A hornet (Lair:2)
  A hornet (shapeshifter) (D:14)
  8 tarantellas
  3 blink frogs (Lair:5)
  8 dream sheep
  15 slime creatures
  2 shadows (D:11)
  2 culicivoras (Spider:1)
  A vampire (D:12)
  4 jumping spiders
  2 water elementals (D:14)
  6 wyverns
  4 wraiths (D:15)
  5 fire bats (Volcano)
  16 humans
  83 yaks
  Grum (D:11)
  16 redbacks
  4 basilisks
  10 vampire mosquitoes
  2 wargs
  An acid dragon (D:9)
  15 water moccasins
  A glowing shapeshifter skeleton (D:15)
  29 orc warriors
  A sky beast (D:7)
  A black bear (D:5)
  3 ice beasts
  11 ogres
  46 wolves
  2 phantoms
  14 centaurs
  A kobold brigand (D:7)
  17 bullfrogs
  4 scorpions
  18 wights
  15 killer bees
  11 electric eels
  10 howler monkeys
  7 lava snakes (Volcano)
  18 jellies
  4 gnoll boudas
  6 hounds
  20 orc priests
  4 sleepcaps
  Terence (D:2)
  3 iguanas
  12 orc wizards
  15 gnolls
  6 adders
  A worm (D:2)
  4 dart slugs
  90 orcs
  5 bats
  7 endoplasms
  A giant cockroach (D:4)
  9 goblins
  6 hobgoblins
  2 quokkas
  8 ball pythons
  7 frilled lizards
  24 kobolds
  3 rats
842 creatures vanquished.

Vanquished Creatures (others)
  A demonic crawler (Spider:1)
1 creature vanquished.

Grand Total: 843 creatures vanquished

Notes
Turn   | Place    | Note
-------+----------+-------------------------------------------
     0 | D:1      | lessens the Troll Artificer began the quest for the Orb.
     0 | D:1      | Reached XP level 1. HP: 18/18 MP: 0/0
     9 | D:1      | You fall into a shaft and drop 1 floor!
   154 | D:1      | Reached skill level 1 in Unarmed Combat
   193 | D:1      | Reached XP level 2. HP: 26/26 MP: 1/1
   276 | D:1      | Found Penwil's Weapon Emporium.
   354 | D:1      | Reached skill level 2 in Unarmed Combat
   728 | D:1      | Reached XP level 3. HP: 32/32 MP: 2/2
   904 | D:1      | Reached skill level 3 in Unarmed Combat
  1453 | D:2      | Noticed Terence
  1462 | D:2      | Killed Terence
  1463 | D:2      | Reached XP level 4. HP: 25/40 MP: 3/3
  1713 | D:2      | Found a faded altar of an unknown god.
  1841 | D:3      | Noticed an ice beast
  2037 | D:3      | Reached skill level 4 in Unarmed Combat
  2242 | D:3      | Reached XP level 5. HP: 24/46 MP: 4/4
  2392 | D:3      | Killed an ice beast
  2393 | D:3      | Reached skill level 5 in Unarmed Combat
  2725 | D:4      | Noticed an ogre
  2731 | D:4      | Killed an ogre
  2732 | D:4      | Reached skill level 6 in Unarmed Combat
  2732 | D:4      | Reached XP level 6. HP: 54/54 MP: 5/5
  3334 | D:4      | Found a staircase to the Ecumenical Temple.
  3422 | Temple   | Entered the Ecumenical Temple
  3658 | Temple   | Became a worshipper of Warmaster Okawaru
  4074 | D:5      | Entered Level 5 of the Dungeon
  4150 | D:5      | Reached skill level 7 in Unarmed Combat
  4150 | D:5      | Reached XP level 7. HP: 48/61 MP: 6/6
  4328 | D:5      | Reached skill level 8 in Unarmed Combat
  4394 | D:5      | Reached * piety under Okawaru
  4941 | D:6      | Reached skill level 9 in Unarmed Combat
  4962 | D:6      | Reached XP level 8. HP: 42/68 MP: 7/7
  4996 | D:6      | Noticed a +0 spear
  5004 | D:6      | Noticed a +0 dagger
  5227 | D:6      | Reached ** piety under Okawaru
  5228 | D:6      | Reached skill level 10 in Unarmed Combat
  5360 | D:6      | Reached skill level 1 in Fighting
  5439 | D:6      | Noticed a +0 dagger
  5440 | D:6      | Noticed a +0 spear
  5441 | D:6      | Noticed a +0 falchion
  5441 | D:6      | Noticed a +0 short sword
  5442 | D:6      | Noticed a +0 falchion
  5443 | D:6      | Noticed a +0 short sword
  5446 | D:6      | Found a hide-covered altar of Uskayaw.
  5676 | D:7      | Reached skill level 11 in Unarmed Combat
  5776 | D:7      | Reached XP level 9. HP: 80/80 MP: 8/8
  5969 | D:7      | Reached *** piety under Okawaru
  6088 | D:7      | Reached skill level 12 in Unarmed Combat
  6564 | D:8      | Reached **** piety under Okawaru
  6955 | D:8      | Reached skill level 13 in Unarmed Combat
  7019 | D:8      | Reached XP level 10. HP: 75/87 MP: 9/9
  7251 | D:8      | Reached skill level 5 in Fighting
  7758 | D:9      | Reached skill level 1 in Invocations
  8573 | D:10     | Entered Level 10 of the Dungeon
  8573 | D:10     | Found a flagged portal.
  8579 | Bailey   | Entered a bailey
  8584 | Bailey   | Noticed an orc warlord
  8750 | Bailey   | Reached skill level 14 in Unarmed Combat
  8853 | Bailey   | Found a runed translucent gate.
  8855 | Bailey   | Found a runed translucent gate.
  8857 | Bailey   | Found a runed translucent gate.
  8924 | Bailey   | Killed an orc warlord
  8924 | Bailey   | Reached ***** piety under Okawaru
  8937 | Bailey   | Reached XP level 11. HP: 94/102 MP: 15/15
  9075 | D:10     | Identified the +9 hand axe of the Keeping Hawk {drain, Fly
                  | rElec Str-4 Dex+7}
  9158 | D:10     | Got the Guide on Familiar Thunder
  9232 | D:10     | Noticed Sonja
  9239 | D:10     | Killed Sonja
  9391 | D:10     | Noticed a lindwurm
  9392 | D:10     | Noticed a lindwurm
  9392 | D:10     | Noticed a lindwurm
  9392 | D:10     | Noticed a lindwurm
  9400 | D:10     | Killed a lindwurm
  9459 | D:10     | Found a staircase to the Orcish Mines.
  9626 | D:10     | Found Qathisuo's Weapon Shop.
  9701 | D:10     | Reached skill level 15 in Unarmed Combat
  9701 | D:10     | Reached XP level 12. HP: 102/111 MP: 16/16
  9856 | D:10     | Identified the +3 hand axe of Exchange {venom, rElec rC+
                  | Stlth+}
 10051 | D:10     | Noticed a two-headed ogre
 10057 | D:10     | Killed a two-headed ogre
 10057 | D:10     | Identified the +5 triple sword "Betu" {heavy, Dex+2}
                  | (Okawaru gifted it to you on level 10 of the Dungeon)
 10057 | D:10     | Received a gift from Okawaru
 10290 | D:11     | Noticed Grum
 10321 | D:11     | Killed Grum
 10595 | D:11     | Noticed a boulder beetle
 10607 | D:11     | Killed a boulder beetle
 10825 | D:11     | Reached skill level 16 in Unarmed Combat
 10911 | D:11     | Noticed a two-headed ogre
 10917 | D:11     | Killed a two-headed ogre
 10971 | D:11     | Found a staircase to the Lair.
 11489 | D:11     | Identified the +4 halberd of the Tundras {freeze, rF- rCorr
                  | Dex+9 Stlth+} (Okawaru gifted it to you on level 11 of the
                  | Dungeon)
 11489 | D:11     | Received a gift from Okawaru
 11503 | D:11     | Noticed a two-headed ogre
 11510 | D:11     | Killed a two-headed ogre
 12007 | D:12     | Noticed Erolcha
 12015 | D:12     | Killed Erolcha
 12184 | Lair:1   | Entered Level 1 of the Lair of Beasts
 12260 | Lair:1   | Reached skill level 17 in Unarmed Combat
 12356 | Lair:1   | Found a dark tunnel.
 12369 | Lair:1   | Reached XP level 13. HP: 115/126 MP: 17/17
 12391 | Volcano  | Entered a volcano
 12553 | Volcano  | Found a bloodstained altar of Trog.
 12557 | Volcano  | Identified the +0 acid dragon scales of Yqexutas {Will+
                  | rCorr Stlth+} (Okawaru gifted it to you in a volcano)
 12557 | Volcano  | Received a gift from Okawaru
 13179 | Lair:1   | Reached skill level 18 in Unarmed Combat
 13180 | Lair:1   | Reached ****** piety under Okawaru
 13461 | Lair:1   | Identified a scroll of acquirement
 13461 | Lair:1   | Acquired the ring "Tygolasse" {Will+ Int+3}
 13971 | Lair:2   | Found a staircase to the Shoals.
 14241 | Lair:2   | Found a runed translucent door.
 14243 | Lair:2   | Noticed Tenda's ghost (journeyman FoFi)
 14756 | Lair:3   | Found a hole to the Spider Nest.
 14763 | Lair:3   | Reached skill level 19 in Unarmed Combat
 15400 | Lair:4   | Reached XP level 14. HP: 140/140 MP: 18/18
 16289 | Lair:5   | Entered Level 5 of the Lair of Beasts
 16297 | Lair:5   | Received a gift from Okawaru
 16393 | Lair:5   | Found a staircase to the Slime Pits.
 16394 | Lair:5   | Found a viscous altar of Jiyva.
 16507 | Lair:5   | Reached skill level 10 in Fighting
 16909 | Lair:5   | Reached skill level 20 in Unarmed Combat
 17036 | Lair:5   | Received a gift from Okawaru
 18331 | Orc:1    | Entered Level 1 of the Orcish Mines
 18331 | Orc:1    | Noticed Jorgrun
 18339 | Orc:1    | Killed Jorgrun
 18647 | Orc:1    | Found Kestrujof's Antique Weapon Shop.
 18735 | Orc:1    | You fall into a shaft and drop 1 floor!
 18735 | Orc:2    | Entered Level 2 of the Orcish Mines
 18735 | Orc:2    | Found a staircase to the Elven Halls.
 18744 | Elf:1    | Entered Level 1 of the Elven Halls
 18959 | Orc:2    | Reached XP level 15. HP: 128/153 MP: 19/19
 19394 | Orc:2    | Reached skill level 21 in Unarmed Combat
 19395 | Orc:2    | Found Deddohy's Armour Emporium.
 19489 | Orc:2    | Found Ockiasat's Book Boutique.
 19529 | Orc:2    | Identified the +0 robe "Bigety" {rPois rC+ Dex+6} (Okawaru
                  | gifted it to you on level 2 of the Orcish Mines)
 19529 | Orc:2    | Received a gift from Okawaru
 20023 | Orc:2    | Found Ceymm's Antique Armour Shoppe.
 20039 | Orc:2    | Found Viroum's Antique Weapon Emporium.
 20437 | D:13     | Noticed Urug
 20437 | D:13     | Noticed Rupert
 20437 | D:13     | Found a gate to the Vaults.
 20441 | D:13     | Noticed Snorg
 20449 | D:12     | Killed Rupert
 20591 | D:13     | Killed Urug
 20645 | D:13     | Killed Snorg
 21086 | D:13     | Identified the +4 mace of the Illusory Stars {elec, Stlth+}
 21922 | D:14     | Identified the +5 bardiche of Rikhlon {elec, Drain rC-
                  | Dex+7 Stlth+} (Okawaru gifted it to you on level 14 of the
                  | Dungeon)
 21922 | D:14     | Received a gift from Okawaru
 22024 | D:14     | Reached skill level 22 in Unarmed Combat
 22224 | D:14     | Reached skill level 5 in Armour
 22237 | D:14     | Paralysed by a hornet for 3 turns
 22247 | D:14     | Received a gift from Okawaru
 22266 | D:14     | Acquired 882 gold pieces
 22432 | D:14     | Found a broken altar of Ashenzari.
 22686 | D:14     | Reached XP level 16. HP: 138/166 MP: 20/20
 22846 | Orc:2    | Bought a manual of Armour for 1040 gold pieces
 23456 | D:15     | Entered Level 15 of the Dungeon
 23522 | D:15     | Received a gift from Okawaru
 23719 | D:15     | Noticed Josephine
 23732 | D:15     | Killed Josephine
 23989 | D:15     | Found a staircase to the Depths.
 24920 | Spider:1 | Entered Level 1 of the Spider Nest
 25137 | Spider:1 | HP: 8/167 [jumping spider (2)]
 25137 | Spider:1 | HP: 1/167 [steelbarb worm (7)]
 25706 | Spider:1 | HP: 4/169 [barbs]
 25972 | Spider:1 | Received a gift from Okawaru
 26133 | Spider:2 | Slain by a culicivora

Illustrated notes

Levels and vault maps discovered:
D:1:      lightli_arrival_noodles, layout_loops_corners, serial_shops, shop,
          st_stairs_6, minmay_tetromino_o2
D:2:      layout_loops_ring, shapermc_ecumenical_altar_mp_highgroup,
          uniq_terence
D:3:      layout_basic, nicolae_hexahallways
D:4:      layout_basic, minmay_temple_entry_waves
D:5:      layout_basic, chequers_hall_statues_y
D:6:      layout_rooms, nicolae_uskayaw_en_pointe
D:7:      minmay_skewed_foursquare, layout_basic, minmay_joined_circles
D:8:      layout_basic, minmay_misc_feat_enclosed, grunt_ministairs_3
D:9:      layout_loops_cross
D:10:     layout_basic, orc_david_3, enter_bailey_2, minmay_lindwurm_lava,
          uniq_sonja
D:11:     layout_cave_pods, erik_lair_island, minmay_quadrilaterals, uniq_grum
D:12:     layout_irregular_city, uniq_erolcha
D:13:     dreamdust_black_sun_cult, layout_irregular_city, david_vaults_3,
          amcnicky_mini_pool_medium, uniq_snorg
D:14:     minmay_the_grid_4x2 [minmay_the_grid_eight,
          minmay_the_grid_small_cups, minmay_the_grid_large_cup,
          minmay_the_grid_tree, minmay_the_grid_pillar_ring,
          minmay_the_grid_garden, minmay_the_grid_diamond_grid,
          minmay_the_grid_prize_four_corners], layout_basic,
          kennysheep_big_empty_room, nicolae_ashenzari_skybound, uniq_rupert
D:15:     gammafunk_depths_entry_grave, layout_gridville, uniq_josephine
Temple:   mainiacjoe_temple_circle_huts
Lair:1:   layout_regular_city, nicolae_volcano_entry_two_sided
Lair:2:   layout_roguey, elwin_shoals_entry_rocks, gammafunk_ghost_grave,
          grunt_forest_large_clearings
Lair:3:   layout_loops_ring, nicolae_spider_entry_lesser_pyramids,
          grunt_megastairs_1, serial_bayou_shore_b
Lair:4:   layout_loops_ring, st_stairs_6, serial_bayou_shore_a,
          infiniplex_staircase_pool_2
Lair:5:   evilmike_catoblepas_cave, layout_loops_ring,
          minmay_slime_entry_jelly_boxes, minivault_26, serial_bayou_shore_b
Spider:1: layout_spider_delve
Spider:2: layout_spider_delve, guppyfry_spider_mini_3
Orc:1:    layout_caves, serial_shops, shop, basic_altar, uniq_jorgrun
Orc:2:    grunt_orc_community_town_hall, layout_caves,
          grunt_orc_community_big_house_1, grunt_orc_community_big_house_2,
          grunt_orc_community_house_3, grunt_orc_community_house_1,
          grunt_orc_community_house_3, grunt_orc_community_house_1
Elf:1:    nicolae_elf_arrival_fired_up, layout_loops_cross,
          gammafunk_ghost_tricky_traps, hangedman_elf_represent

Skill      XL: |  1  2  3  4  5  6  7  8  9 10 11 12 13 14 15 16 |
---------------+-------------------------------------------------+-----
Unarmed Combat | 1 2 3 4 6 7 9 11 13 14 15 17 19 20 22 | 22.2
Fighting       | 2 4 5 7 9 11 12 13 | 13.2
Invocations    | 6 7 9 |  9.4
Armour         | 4 5 8 |  8.9
Dodging        | |  1.9
Stealth        | |  0.3
Evocations     | |  2.1

Action                     |  1- 3 |  4- 6 |  7- 9 | 10-12 | 13-15 | 16-18 || total
---------------------------+-------+-------+-------+-------+-------+-------++-------
  Melee: Club              |    24 |       |       |       |       |       ||    24
         Punch             |     1 |       |    14 |    38 |   135 |    35 ||   223
         Unarmed           |    12 |    90 |   287 |   438 |  1175 |   306 ||  2308
   Fire: Sling             |    88 |       |       |       |       |       ||    88
 Invoke: Heroism           |       |       |     1 |     5 |    11 |     4 ||    21
  Evoke: Wand              |       |     6 |     1 |    14 |    14 |     7 ||    42
    Use: Scroll            |       |       |     7 |     4 |    13 |     8 ||    32
         Potion            |       |       |       |     2 |     3 |     2 ||     7
   Stab: Sleeping          |       |       |     2 |       |     4 |       ||     6
         Distracted        |       |       |       |       |     6 |       ||     6
         Petrified         |       |       |       |       |     1 |       ||     1
         Paralysed         |       |       |       |       |       |     1 ||     1
 Armour: Robe              |    34 |    32 |    50 |     7 |       |       ||   123
         Acid dragon scale |       |       |       |   115 |   397 |   173 ||   685
  Dodge: Dodged            |    49 |    35 |   111 |   145 |   359 |   139 ||   838
  Block: Other             |       |       |    14 |    65 |   194 |    69 ||   342
         Reflection        |       |       |       |     1 |     6 |     2 ||     9

Table legend: (Time is in decaauts)
 A = Elapsed time spent in this place.
 B = Non-inter-level travel time spent in this place.
 C = Inter-level travel time spent in this place.
 D = Time resting spent in this place.
 E = Time spent auto-exploring this place.
 F = Levels seen in this place.
 G = Mean time per level.
                   A        B        C        D        E       F      G
               +--------+--------+--------+--------+--------+-----+--------+
         Total |  25464 |  23813 |   1651 |   1612 |  16991 |  28 |  909.4 |
       Dungeon |  15758 |  14738 |   1020 |    482 |  11395 |  15 | 1050.5 |
        Temple |    248 |    236 |     12 |      0 |    207 |   1 |  248.0 |
          Lair |   6256 |   5774 |    482 |    892 |   3702 |   5 | 1251.2 |
   Spider Nest |    530 |    514 |     16 |      0 |    247 |   2 |  265.0 |
  Orcish Mines |   1792 |   1673 |    119 |      4 |   1266 |   2 |  896.0 |
   Elven Halls |     76 |     76 |      0 |     56 |      0 |   1 |   76.0 |
        Bailey |    479 |    479 |      0 |    110 |    147 |   1 |  479.0 |
       Volcano |    321 |    321 |      0 |     68 |     27 |   1 |  321.0 |
               +--------+--------+--------+--------+--------+-----+--------+

Top non-repeatable levels by time:
  Lair:5: 1656 daAuts
    D:14: 1639 daAuts
  Lair:3: 1565 daAuts
    D:11: 1372 daAuts
    D:10: 1306 daAuts
  Lair:1: 1282 daAuts
   Orc:2: 1270 daAuts
     D:8: 1151 daAuts
    D:13: 1145 daAuts
     D:4: 1109 daAuts
    D:15: 1102 daAuts
     D:1: 1085 daAuts
  Lair:4: 1063 daAuts
     D:9: 934 daAuts
     D:7: 862 daAuts

Levels and vault maps discovered:
D:1:      lightli_arrival_noodles, layout_loops_corners, serial_shops, shop,
          st_stairs_6, minmay_tetromino_o2
D:2:      layout_loops_ring, shapermc_ecumenical_altar_mp_highgroup,
          uniq_terence
D:3:      layout_basic, nicolae_hexahallways
D:4:      layout_basic, minmay_temple_entry_waves
D:5:      layout_basic, chequers_hall_statues_y
D:6:      layout_rooms, nicolae_uskayaw_en_pointe
D:7:      minmay_skewed_foursquare, layout_basic, minmay_joined_circles
D:8:      layout_basic, minmay_misc_feat_enclosed, grunt_ministairs_3
D:9:      layout_loops_cross
D:10:     layout_basic, orc_david_3, enter_bailey_2, minmay_lindwurm_lava,
          uniq_sonja
D:11:     layout_cave_pods, erik_lair_island, minmay_quadrilaterals, uniq_grum
D:12:     layout_irregular_city, uniq_erolcha
D:13:     dreamdust_black_sun_cult, layout_irregular_city, david_vaults_3,
          amcnicky_mini_pool_medium, uniq_snorg
D:14:     minmay_the_grid_4x2 [minmay_the_grid_eight,
          minmay_the_grid_small_cups, minmay_the_grid_large_cup,
          minmay_the_grid_tree, minmay_the_grid_pillar_ring,
          minmay_the_grid_garden, minmay_the_grid_diamond_grid,
          minmay_the_grid_prize_four_corners], layout_basic,
          kennysheep_big_empty_room, nicolae_ashenzari_skybound, uniq_rupert
D:15:     gammafunk_depths_entry_grave, layout_gridville, uniq_josephine
Temple:   mainiacjoe_temple_circle_huts
Lair:1:   layout_regular_city, nicolae_volcano_entry_two_sided
Lair:2:   layout_roguey, elwin_shoals_entry_rocks, gammafunk_ghost_grave,
          grunt_forest_large_clearings
Lair:3:   layout_loops_ring, nicolae_spider_entry_lesser_pyramids,
          grunt_megastairs_1, serial_bayou_shore_b
Lair:4:   layout_loops_ring, st_stairs_6, serial_bayou_shore_a,
          infiniplex_staircase_pool_2
Lair:5:   evilmike_catoblepas_cave, layout_loops_ring,
          minmay_slime_entry_jelly_boxes, minivault_26, serial_bayou_shore_b
Spider:1: layout_spider_delve
Spider:2: layout_spider_delve, guppyfry_spider_mini_3
Orc:1:    layout_caves, serial_shops, shop, basic_altar, uniq_jorgrun
Orc:2:    grunt_orc_community_town_hall, layout_caves,
          grunt_orc_community_big_house_1, grunt_orc_community_big_house_2,
          grunt_orc_community_house_3, grunt_orc_community_house_1,
          grunt_orc_community_house_3, grunt_orc_community_house_1
Elf:1:    nicolae_elf_arrival_fired_up, layout_loops_cross,
          gammafunk_ghost_tricky_traps, hangedman_elf_represent
